 Dungeon Crawl Stone Soup version 0.20.1-1-g8b1a95d (webtiles) character file.

826 Jannitor the Covert (level 7, -15/55 HPs)
             Began as a Naga Ice Elementalist on Aug 26, 2017.
             Was an Initiate of Gozag.
             Demolished by Prince Ribbit (17 damage)
             ... on level 5 of the Dungeon.
             The game lasted 00:10:11 (6108 turns).

Jannitor the Covert (Naga Ice Elementalist)         Turns: 6108, Time: 00:10:12

Health: -15/55     AC:  6    Str: 11    XL:     7   Next: 96%
Magic:  6/10       EV:  9    Int: 17    God:    Gozag
Gold:   304        SH:  0    Dex: 11    Spells: 2/10 levels left

rFire    + . .     SeeInvis +   t - +2 short sword (drain)
rCold    + . .     Gourm    .   (no shield)
rNeg     + . .     Faith    .   u - +1 leather armour {rN+}
rPois    +         Spirit   .   (no helmet)
rElec    .         Reflect  .   l - scarf {rC+ rF+}
rCorr    .         Harm     .   x - +0 pair of gloves
MR       .....                  (no barding)
Stlth    ++++......             w - amulet of rage
Regen    0.2/turn               (no ring)
MPRegen  0.2/turn               (no ring)

@: gold aura, very slightly contaminated, invisible, very slow
A: see invisible, deformed body, poison resistance, slowness 2, slow metabolism
1, spit poison 1, AC +2
a: Spit Poison, Potion Petition, Call Merchant, Bribe Branch, Renounce Religion,
Evoke Berserk Rage


You were on level 5 of the Dungeon.
You worshipped Gozag.
Gozag was aware of your devotion.
You were not hungry.

You visited 2 branches of the dungeon, and saw 6 of its levels.

You collected 489 gold pieces.
You spent 130 gold pieces at shops.
You paid 55 gold pieces to Gozag.

Inventory:

Hand Weapons
 k - a +4 dagger
 t - a +2 short sword of draining (weapon)
Armour
 a - a +0 robe
 i - a +0 shield
 l - a scarf of resistance (worn)
 u - a +1 leather armour of positive energy (worn)
 x - a +0 pair of gloves (worn)
Jewellery
 w - an amulet of rage (around neck)
Scrolls
 d - a scroll of fear {unknown}
 f - 4 scrolls of identify
 g - a scroll of recharging
 h - 6 scrolls of remove curse
 j - a scroll of magic mapping {unknown}
 m - 2 scrolls of enchant weapon {unknown}
 p - 2 scrolls of enchant armour {unknown}
Potions
 n - a potion of heal wounds {unknown}
 s - a potion of flight
 v - a potion of might {unknown}
Books
 b - a book of Frost

   Spells                             Type                      Level
   a - Freeze                         Ice                          1
   b - Throw Frost                    Conjuration/Ice              2
   c - Ozocubu's Armour               Charms/Ice                   3
   d - Throw Icicle                   Conjuration/Ice              4
   e - Summon Ice Beast               Ice/Summoning                4
 r - a book of Necromancy

   Spells                             Type                      Level
   a - Pain                           Necromancy                   1
   b - Animate Skeleton               Necromancy                   1
   c - Vampiric Draining              Necromancy                   3
   d - Regeneration                   Charms/Necromancy            3
   e - Animate Dead                   Necromancy                   4
   f - Control Undead                 Necromancy                   4
Comestibles
 c - a bread ration
 o - 3 fruits
 q - 2 royal jellies


   Skills:
 + Level 2.8 Armour
 - Level 1.5 Dodging
 + Level 9.3 Stealth
 - Level 2.0 Spellcasting
 - Level 1.0 Conjurations
 + Level 6.1 Ice Magic


You had 2 spell levels left.
You knew the following spells:

 Your Spells              Type           Power        Failure   Level  Hunger
a - Freeze                Ice            ###.         1%          1    #......
b - Ozocubu's Armour      Chrm/Ice       ##......     22%         3    ###....
c - Throw Icicle          Conj/Ice       ##......     50%         4    #####..


Dungeon Overview and Level Annotations

Branches:
Dungeon (5/15)             Temple (1/1) D:4

Altars:
Cheibriados
Dithmenos
Elyvilon
Fedhas
Gozag
Kikubaaqudgha
Makhleb
Nemelex Xobeh
Qazlal
Ru
Sif Muna
Trog
Uskayaw
Vehumet
Xom
Yredelemnul
The Shining One

Shops:
D:5 [

Annotations:
D:5 Prince Ribbit


Innate Abilities, Weirdness & Mutations

You cannot wear boots.
Your serpentine skin is tough. (AC +2)
You have supernaturally acute eyesight. (SInv)
Armour fits poorly on your strangely shaped body.
Your system is resistant to poisons. (rPois)
You cover ground very slowly.
You have a slow metabolism.
You can spit poison.


Message History

You freeze Prince Ribbit.
Prince Ribbit is heavily wounded.
Prince Ribbit barely misses you.
Okay, then.
It was a potion of invisibility.
You fade into invisibility!
Prince Ribbit lets out a mournful croak.
Prince Ribbit hits you!
* * * LOW HITPOINT WARNING * * *
You are very lightly contaminated with residual magic.
Casting: Freeze
Confirm with . or Enter, or press ? or * to list all spells.
Aiming: Freeze
Press: ? - help, Shift-Dir - straight line, f/p - Prince Ribbit
Aim: Prince Ribbit (heavily wounded, slow)
You freeze Prince Ribbit.
Prince Ribbit is severely wounded.
Prince Ribbit hits you!
You die...
Your body crumbles into a pile of gold.

##...##... ######.........
## .....#.......... . #.
#.................. #.
................... ####.
....._.#..........# .....
..........$.#...... #....
_..⌠..?...###.###..#######..
.........oF@.......... .....
....._$...###.#.#....# #####
..............#...##########
#....####.....## #∩#.......
#.#. ##.......# #'#......# .
..........####.######..
#...............# ###
##..............### ####
#####............###...


You could see Prince Ribbit and an orc.

Vanquished Creatures
  An ogre (D:4)
  A scorpion (D:4)
  A howler monkey (D:4)
  A crimson imp (D:5)
  A bullfrog skeleton (D:4)
  2 hounds (D:4)
  2 orc priests
  A centaur skeleton (D:5)
  4 orc wizards
  A worker ant (D:4)
  Natasha (twice) (D:3)
  A killer bee zombie (D:4)
  A hound skeleton (D:4)
  6 adders
  A shadow imp (D:5)
  3 oozes
  An adder skeleton (D:5)
  5 leopard geckos
  13 orcs
  A ball python (D:3)
  10 bats
  4 giant cockroaches
  13 hobgoblins
  11 jackals
  4 quokkas
  6 frilled lizards
  4 goblins
  10 kobolds
  A leopard gecko skeleton (D:4)
  13 rats
125 creatures vanquished.

Vanquished Creatures (others)
  An orc priest (D:4)
  A worker ant (D:4)
  A quokka (D:3)
3 creatures vanquished.

Grand Total: 128 creatures vanquished

Notes
Turn   | Place    | Note
-------+----------+-------------------------------------------
     0 | D:1      | Jannitor the Naga Ice Elementalist began the quest for the Orb.
     0 | D:1      | Reached XP level 1. HP: 15/15 MP: 3/3
   395 | D:1      | Reached XP level 2. HP: 22/22 MP: 1/5
   499 | D:1      | Reached skill level 4 in Stealth
   904 | D:1      | Reached XP level 3. HP: 16/28 MP: 3/6
  1677 | D:2      | Reached skill level 5 in Stealth
  2033 | D:2      | Reached XP level 4. HP: 32/36 MP: 4/7
  2181 | D:1      | HP: 2/54 [poisoned by an adder]
  2515 | D:2      | Found a shadowy altar of Dithmenos.
  2521 | D:2      | Reached skill level 6 in Stealth
  2761 | D:2      | Reached XP level 5. HP: 32/42 MP: 4/8
  3118 | D:3      | Noticed Natasha
  3121 | D:3      | Killed Natasha
  3134 | D:3      | Learned a level 3 spell: Ozocubu's Armour
  3139 | D:3      | Learned a level 4 spell: Throw Icicle
  3139 | D:3      | Found a burning altar of Makhleb.
  3177 | D:3      | Found a blossoming altar of Fedhas.
  3287 | D:3      | Noticed Natasha
  3294 | D:3      | Killed Natasha
  3294 | D:3      | Reached skill level 7 in Stealth
  3426 | D:3      | Found a white marble altar of Elyvilon.
  4179 | D:4      | Found a staircase to the Ecumenical Temple.
  4185 | D:4      | Reached XP level 6. HP: 44/49 MP: 7/9
  4190 | Temple   | Entered the Ecumenical Temple
  4417 | Temple   | Became a worshipper of Gozag Ym Sagoz the Greedy
  4497 | D:4      | Reached skill level 1 in Armour
  4512 | D:4      | Reached skill level 5 in Ice Magic
  4520 | D:4      | Reached skill level 8 in Stealth
  4637 | D:4      | Reached XP level 7. HP: 7/55 MP: 10/10
  5485 | D:5      | Entered Level 5 of the Dungeon
  5672 | D:5      | Reached skill level 9 in Stealth
  6074 | D:5      | Found Eseiss's Antique Armour Shop.
  6077 | D:5      | Bought a pair of gloves for 130 gold pieces
  6090 | D:5      | Found a shimmering altar of Xom.
  6090 | D:5      | Found a stormy altar of Qazlal.
  6095 | D:5      | Found a snail-covered altar of Cheibriados.
  6098 | D:5      | Noticed Prince Ribbit
  6107 | D:5      | HP: 2/55 [Prince Ribbit (8)]
  6108 | D:5      | Demolished by Prince Ribbit

Skill      XL: |  1  2  3  4  5  6  7 |
---------------+----------------------+-----
Stealth        | 4 5 6 7 8 9 |  9.3
Ice Magic      | 4 5 6 |  6.1
Armour         | 1 2 |  2.8
Dodging        | |  1.5
Spellcasting   | |  2.0
Conjurations   | |  1.0

Action                   |  1- 3 |  4- 6 |  7- 9 || total
-------------------------+-------+-------+-------++-------
Melee: Dagger            |    15 |    16 |       ||    31
       Short sword       |       |    48 |    43 ||    91
 Cast: Freeze            |    44 |    66 |    52 ||   162
       Ozocubu's Armour  |       |     1 |     3 ||     4
Invok: Potion Petition   |       |     1 |       ||     1
 Abil: Spit Poison       |     1 |       |       ||     1
  Use: Potion            |       |     5 |     1 ||     6
       Scroll            |       |     3 |       ||     3
 Stab: Sleeping          |     6 |     7 |     4 ||    17
       Distracted        |       |       |     1 ||     1
  Eat: Chunk             |     2 |     7 |       ||     9
       Bread ration      |       |       |     2 ||     2
Armor: Robe              |     7 |    20 |       ||    27
       Leather armour    |       |    16 |    39 ||    55
Dodge: Dodged            |    18 |    87 |    47 ||   152
